 Dungeon Crawl Stone Soup version 0.31.0-11-ge490571c62 (webtiles) character file.

Game seed: 13465011497843099275

11298 browni3141 the Cleaver (level 11, -3/102 HPs)
             Began as a Minotaur Fighter on Jan 28, 2024.
             Was a Priest of Okawaru.
             Slain by an unseen horror (4 damage)
             ... on level 10 of the Dungeon.
             The game lasted 00:07:07 (11977 turns).

browni3141 the Cleaver (Minotaur Fighter)          Turns: 11977, Time: 00:07:08

Health: -3/102     AC: 17    Str: 26    XL:     11   Next: 47%
Magic:  10/10      EV: 10    Int:  3    God:    Okawaru [***...]
Gold:   901        SH:  6    Dex:  9    Spells: 10/10 levels left

rFire   . . .        a - +1 war axe
rCold   . . .        c - +0 buckler
rNeg    . . .        d - +5 ring mail "Cesid" {Will- rCorr Stlth+}
rPois   .            (helmet restricted)
rElec   .            s - +1 cloak
rCorr   +            q - +0 pair of gloves
SInv    .            l - +0 pair of boots
Will    .....        (no amulet)
Stlth   +            (no ring)
HPRegen 0.00/turn    (no ring)
MPRegen 0.12/turn

%: no passive effects
@: inhibited regen, studying Fighting
A: horns 2, retaliatory headbutt, dopey 1, mutation resistance 1, inhibited
regeneration, MP-powered wands
a: Renounce Religion, Heroism


You were on level 10 of the Dungeon.
You worshipped Okawaru.
Okawaru was most pleased with you.
You visited 2 branches of the dungeon, and saw 11 of its levels.

You collected 1066 gold pieces.
You spent 165 gold pieces at shops.

Inventory:

Hand Weapons
 a - a +1 war axe (weapon)
Missiles
 w - 3 boomerangs (quivered)
 D - a curare-tipped dart
Armour
 b - a +0 scale mail
 c - a +0 buckler (worn)
 d - the +5 ring mail "Cesid" (worn) {Will- rCorr Stlth+}
   (You found it on level 5 of the Dungeon)

   Will-:     It decreases your willpower.
   rCorr:     It protects you from acid and corrosion.
   Stlth+:    It makes you more stealthy.
 l - a +0 pair of boots (worn)
 n - a +0 plate armour
 q - a +0 pair of gloves (worn)
 s - a +1 cloak (worn)
Jewellery
 v - a ring of positive energy
Wands
 B - a wand of flame (27)
 G - a wand of polymorph (2)
 H - a wand of acid (7)
Scrolls
 g - 3 scrolls of enchant armour
 h - 4 scrolls of enchant weapon
 j - 4 scrolls of noise
 k - 2 scrolls of torment
 o - 2 scrolls of fog
 p - 2 scrolls of vulnerability
 t - a scroll of poison
 x - a scroll of blinking
 y - a scroll of immolation
 z - 2 scrolls of teleportation
 A - 2 scrolls of identify
 E - a scroll of amnesia
Potions
 e - 5 potions of curing
 f - a potion of invisibility
 i - 2 potions of degeneration
 m - 4 potions of lignification
 r - a potion of magic
 u - 2 potions of might
 C - a potion of brilliance
 F - a potion of enlightenment


   Skills:
 + Level 11.5 Fighting
 * Level 13.9 Axes
 + Level 10.5 Armour
 + Level 10.5 Shields


You had 10 spell levels left.
You didn't know any spells.
Your spell library contained the following spells:

 Spells                   Type           Power      Damage    Failure   Level
 Kiss of Death            Conj/Necr      0%         2d5       67%         1
 Necrotise                Necr           0%         1d4       67%         1
 Shock                    Conj/Air       0%         1d3       67%         1
 Blink                    Tloc           0%         N/A       82%         2
 Lesser Beckoning         Tloc           0%         N/A       82%         2
 Mercury Vapours          Alch/Air       0%         N/A       82%         2
 Momentum Strike          Conj/Tloc      0%         3d8       82%         2
 Static Discharge         Conj/Air       0%         3-3/arc   82%         2
 Sublimation of Blood     Necr           0%         N/A       82%         2
 Confusing Touch          Hex            0%         N/A       96%         3
 Mephitic Cloud           Conj/Alch/Air  0%         N/A       96%         3
 Sigil of Binding         Hex            0%         N/A       96%         3
 Stone Arrow              Conj/Erth      0%         3d7       96%         3
 Swiftness                Air            0%         N/A       96%         3
 Airstrike                Air            0%         2d(0-16)  100%        4
 Anguish                  Hex/Necr       0%         N/A       100%        4
 Dimensional Bullseye     Hex/Tloc       0%         N/A       100%        4
 Dispel Undead            Necr           0%         3d6       100%        4
 Leda's Liquefaction      Alch/Erth      0%         N/A       100%        4
 Petrify                  Alch/Erth      0%         N/A       100%        4
 Freezing Cloud           Conj/Ice/Air   0%         6-21      100%        5
 Irradiate                Conj/Alch      0%         3d11      100%        5
 Lee's Rapid Deconstruct  Erth           0%         3d4*      100%        5
 Bombard                  Conj/Erth      0%         9d1       100%        6
 Lehudib's Crystal Spear  Conj/Erth      0%         10d2      100%        8
 Call Canine Familiar     Summ           Unusable   N/A       N/A         3
 Animate Armour           Summ/Erth      Unusable   N/A       N/A         4
 Summon Lightning Spire   Summ/Air       Unusable   N/A       N/A         4

Dungeon Overview and Level Annotations

Branches:
Dungeon (10/15)            Temple (1/1) D:4             Orc (0/2) D:9
   Lair: D:8-11

Altars:
Ashenzari
Cheibriados
Dithmenos
Elyvilon
Fedhas
Gozag
Hepliaklqana
Kikubaaqudgha
Makhleb
Nemelex Xobeh
Okawaru
Qazlal
Ru
Sif Muna
Trog
Uskayaw
Vehumet
Wu Jian
Xom
Yredelemnul
Zin
The Shining One

Shops:
D:7 *

Annotations:
D:7 5 runed translucent doors, Daunt's ghost, novice VSFi
Temple 2 transporters


Innate Abilities, Weirdness & Mutations

You have a pair of horns on your head.
You reflexively headbutt those who attack you in melee.
You are dopey. (Int -2)
You are somewhat resistant to further mutation.
You do not regenerate when monsters are visible.
You expend magic power (3 MP) to strengthen your wands.


Message History

Things that are here:
a +0 club; a kobold corpse
Items here: ( )) ††.
Items here: ( )) [ †.
Things that are here:
a +0 dire flail; a +0 chain mail; an orc corpse
Things that are here:
+0 acid dragon scales; an acid dragon corpse A gargoyle comes into view.
It is wielding a +0 mace.
A gargoyle is nearby!
A gargoyle is nearby!
A gargoyle is nearby!
Something hits you.
Deactivating autopickup; reactivate with Ctrl-A.
The gargoyle hurls a stone arrow at you.
The stone arrow hits you but does no damage.
A wight comes into view. It is wielding a +3 spear.
Something hits you. The gargoyle hits you with a +0 mace.
You gain the combat prowess of a mighty hero.
Something hits you but does no damage. The gargoyle hits you with a +0 mace!
You hit the gargoyle.
The gargoyle is lightly damaged.
You barely miss something. You block something's attack.
The gargoyle hurls a stone arrow at you.
You block the stone arrow.
You barely miss the gargoyle.
The gargoyle is lightly damaged.
Something hits you.
You barely miss the gargoyle.
You headbutt the gargoyle, but do no damage.
The gargoyle is lightly damaged.
You barely miss something.
Something hits you but does no damage. x2
You block the gargoyle's attack.
You slash the gargoyle!
The gargoyle is heavily damaged.
You closely miss something. Something hits you. x2
The gargoyle hurls a stone arrow at you.
The stone arrow misses you.
You hit the gargoyle.
The gargoyle is heavily damaged.
You closely miss something. Something hits you but does no damage.
Something hits you. The gargoyle hits you with a +0 mace!
The wight hits you but does no damage.
You slash the gargoyle!
The gargoyle is almost destroyed.
Something barely misses you.
You hit the gargoyle.
The gargoyle is almost destroyed.
You closely miss something. You slash something! You block something's attack.
Something hits you but does no damage. The wight hits you but does no damage.
The gargoyle hits you with a +0 mace!
You hit the gargoyle.
You destroy the gargoyle!
Okawaru accepts your kill.
You barely miss something. Something hits you but does no damage.
Something completely misses you. The wight hits you but does no damage.
Something hits you but does no damage. The wight misses you.
You slice the wight!!
You destroy the wight!
Okawaru accepts your kill.
You slash something! Something hits you but does no damage.
No target in view!
No target in view!
No target in view!
You slice something!! Your headbutt misses something.
You block something's attack. Something hits you but does no damage.
You feel like a meek peon again. Something hits you!
Something hits you but does no damage. Something hits you but does no damage.
Something hits you. Something hits you but does no damage. Something hits you.
Something hits you but does no damage.
Something hits you but does no damage. x2
Something hits you but does no damage. Something hits you but does no damage.
Something hits you but does no damage. x3
You barely miss something. Something hits you. Something hits you!
There's something in the way.
You hit something. Something completely misses you.
You barely miss something. You miss something.
Something hits you but does no damage. x2
You swing at nothing.
Something hits you but does no damage.
You slash something! Your headbutt misses something.
You closely miss something.
Something hits you but does no damage. x2
You swing at nothing.
Something hits you! Something hits you but does no damage.
You hit something. You miss something. Something completely misses you.
Something hits you but does no damage.
You swing at nothing.
You block something's attack.
You barely miss something. You hit something. Something hits you.
Something hits you but does no damage.
You swing at nothing.
You block something's attack.
You hit something. You barely miss something. Something hits you. x2
You swing at nothing.
Something hits you but does no damage. Something completely misses you.
Something hits you but does no damage. Something hits you.
Something hits you but does no damage. Something hits you.
Something hits you but does no damage. x2
Something hits you but does no damage. x2; Something hits you.
You die...

... #...............# #...# ...
#..#....######..# #...#
...#######...## ..# #...##
...#..#$.#...# ..# #.....
......#......### ..# #.....
..)..###.......#####..# #.....
#......###[.........######.....
#.)......#..))..............>...
#$.#..#.$#..#.)@..............<.
####..#######)).................
#..# #................... ....
..................... ......
#.....................
...###......###..............##
..... ..............# .#..#.
.#............ #..## ##....


There were no monsters in sight!

Vanquished Creatures
  A boulder beetle (D:9)
  A two-headed ogre (D:5)
  A deep elf pyromancer (D:9)
  Pikel (D:6)
  A manticore (D:8)
  A gargoyle (D:10)
  2 kobold demonologists
  2 trolls
  2 hornets
  Prince Ribbit (D:5)
  3 vampires (D:9)
  5 yaks (D:8)
  3 steam dragons
  A vampire mosquito (D:7)
  An acid dragon (D:10)
  A water moccasin (D:5)
  3 sky beasts (D:7)
  5 orc warriors
  3 ice beasts
  A black bear (D:7)
  5 ogres
  5 centaurs
  5 phantoms
  2 lemures (D:6)
  3 kobold brigands
  4 bullfrogs (D:7)
  4 scorpions
  7 wights
  A killer bee (D:5)
  4 howler monkeys
  5 bombardier beetles
  6 hounds
  Crazy Yiuf (D:5)
  3 orc priests
  4 jellies
  3 gnoll boudas
  3 sleepcaps
  6 iguanas
  Natasha (thrice) (D:2)
  9 orc wizards
  12 gnolls
  8 adders
  4 shadow imps
  A white imp (D:5)
  4 ufetubi (D:5)
  3 dart slugs
  3 ribbon worms
  28 orcs
  7 endoplasms
  3 giant cockroaches
  5 goblins
  3 hobgoblins
  4 jackals (D:2)
  3 quokkas
  10 ball pythons
  5 bats
  3 frilled lizards
  16 kobolds
  5 rats
249 creatures vanquished.

Vanquished Creatures (others)
  An ogre (D:7)
  An orc wizard (D:7)
2 creatures vanquished.

Grand Total: 251 creatures vanquished

Notes
Turn   | Place    | Note
-------+----------+-------------------------------------------
     0 | D:1      | browni3141 the Minotaur Fighter began the quest for the
                  | Orb.
     0 | D:1      | Reached XP level 1. HP: 19/19 MP: 0/0
   264 | D:1      | Reached XP level 2. HP: 27/27 MP: 1/1
   301 | D:1      | Reached skill level 3 in Axes
   956 | D:2      | Noticed Natasha
   961 | D:2      | Killed Natasha
   962 | D:2      | Reached XP level 3. HP: 29/33 MP: 2/2
  1335 | D:2      | Reached XP level 4. HP: 40/40 MP: 3/3
  1411 | D:2      | Noticed Natasha
  1417 | D:2      | Killed Natasha
  1418 | D:2      | Reached skill level 4 in Axes
  1718 | D:2      | Noticed Natasha
  1728 | D:2      | Killed Natasha
  2441 | D:3      | Reached XP level 5. HP: 47/47 MP: 4/4
  2599 | D:3      | Found a faded altar of an unknown god.
  3335 | D:4      | Found a staircase to the Ecumenical Temple.
  3429 | Temple   | Found a transporter.
  3429 | Temple   | Found a transporter.
  3429 | Temple   | Found a transporter.
  3429 | Temple   | Found a transporter.
  3429 | Temple   | Entered the Ecumenical Temple
  3887 | D:5      | Entered Level 5 of the Dungeon
  3897 | D:4      | Reached skill level 5 in Axes
  3958 | D:4      | Reached XP level 6. HP: 48/55 MP: 5/5
  3989 | D:5      | Identified the +5 ring mail "Cesid" {Will- rCorr Stlth+}
  4005 | D:5      | Noticed Prince Ribbit
  4011 | D:5      | Noticed an ice beast
  4012 | D:5      | Killed Prince Ribbit
  4013 | D:5      | Reached skill level 5 in Fighting
  4013 | D:5      | Reached skill level 6 in Axes
  4013 | D:5      | Reached skill level 5 in Armour
  4013 | D:5      | Reached skill level 5 in Shields
  4017 | D:5      | Killed an ice beast
  4018 | D:5      | Reached XP level 7. HP: 50/61 MP: 6/6
  4310 | D:5      | Reached skill level 7 in Axes
  4551 | D:5      | Reached XP level 8. HP: 19/70 MP: 7/7
  4572 | D:5      | Found a shadowy altar of Dithmenos.
  4941 | D:5      | Found a runed translucent door.
  4942 | D:5      | Noticed Crazy Yiuf
  5092 | D:5      | Reached skill level 8 in Axes
  5115 | D:5      | Noticed a two-headed ogre
  5126 | D:5      | HP: 3/71 [two-headed ogre/+0 great mace (5)]
  5127 | D:5      | Killed a two-headed ogre
  5128 | D:5      | Reached skill level 9 in Axes
  5386 | D:5      | Reached XP level 9. HP: 79/79 MP: 8/8
  5830 | D:5      | Killed Crazy Yiuf
  5911 | D:6      | Reached skill level 10 in Axes
  6120 | D:6      | Noticed Pikel
  6140 | D:6      | Killed Pikel
  6176 | D:6      | Reached skill level 11 in Axes
  6389 | D:6      | Found an iron altar of Okawaru.
  6390 | D:6      | Found a hide-covered altar of Uskayaw.
  6590 | D:6      | Became a worshipper of Warmaster Okawaru
  6767 | D:7      | Found a white marble altar of Elyvilon.
  6770 | D:7      | Found a sacrificial altar of Ru.
  6773 | D:7      | Found a shimmering blue altar of Sif Muna.
  6788 | D:7      | Found an ornate altar of the Wu Jian Council.
  6844 | D:7      | Reached XP level 10. HP: 90/90 MP: 9/9
  6894 | D:7      | Paralysed by a hornet for 1 turns
  7107 | D:7      | Found a glowing silver altar of Zin.
  7114 | D:7      | Found a large runed translucent door.
  7115 | D:7      | Found a large runed translucent door.
  7116 | D:7      | Noticed a boulder beetle
  7347 | D:7      | Found Ycwuczih's General Store.
  7350 | D:7      | Bought 2 potions of lignification for 66 gold pieces
  7350 | D:7      | Bought a scroll of identify for 22 gold pieces
  7350 | D:7      | Bought a scroll of immolation for 44 gold pieces
  7350 | D:7      | Bought a scroll of teleportation for 33 gold pieces
  7355 | D:7      | Identified a scroll of acquirement
  7389 | D:7      | Found a runed translucent door.
  7394 | D:7      | Noticed Daunt's ghost (novice VSFi)
  7464 | D:7      | Reached * piety under Okawaru
  7686 | D:7      | Reached skill level 12 in Axes
  7854 | D:7      | Found a large runed translucent door.
  7854 | D:7      | Found a large runed translucent door.
  8097 | D:7      | Identified the +0 trident "Dol Teoh" {spect, rC- Int+3
                  | Stlth+}
  8468 | D:8      | Acquired a manual of Fighting
  8499 | D:8      | Noticed a manticore
  8511 | D:8      | Killed a manticore
  8511 | D:8      | Reached ** piety under Okawaru
  8922 | D:8      | Reached skill level 10 in Fighting
  8936 | D:8      | Reached skill level 13 in Axes
  9482 | D:9      | Gained mutation: You are dopey. (Int -2) [potion of
                  | mutation]
  9482 | D:9      | Gained mutation: You expend magic power (3 MP) to
                  | strengthen your wands. [potion of mutation]
  9482 | D:9      | Gained mutation: You do not regenerate when monsters are
                  | visible. [potion of mutation]
  9482 | D:9      | Gained mutation: You are somewhat resistant to further
                  | mutation. [potion of mutation]
  9488 | D:9      | Reached XP level 11. HP: 101/101 MP: 10/10
  9599 | D:9      | Found a staircase to the Orcish Mines.
  9756 | D:9      | Noticed a boulder beetle
  9797 | D:9      | Killed a boulder beetle
  9798 | D:9      | Reached skill level 10 in Armour
  9798 | D:9      | Reached skill level 10 in Shields
 10388 | D:9      | Noticed a deep elf pyromancer
 10690 | D:9      | Found a shimmering blue altar of Sif Muna.
 11117 | D:9      | Killed a deep elf pyromancer
 11117 | D:9      | Reached *** piety under Okawaru
 11445 | D:9      | Got the Handbook of Iniquitous Words
 11511 | D:10     | Entered Level 10 of the Dungeon
 11975 | D:10     | HP: 5/102 [something (6)]
 11976 | D:10     | HP: 1/102 [something (4)]
 11977 | D:10     | Slain by an unseen horror

Illustrated notes

Levels and vault maps discovered:
D:1:      co_arrival_random_square_maze, layout_basic, minmay_misc_feat_tiny
D:2:      layout_loops_ring, dk_noncrumbling_4, kennysheep_flooded_box,
          uniq_natasha
D:3:      layout_basic, shapermc_ecumenical_altar_acropolis
D:4:      layout_loops_ring, minmay_temple_entry_tees, chequers_big_river,
          nicolae_concentric_dashed_squares_mild
D:5:      kennysheep_windowed_halls, layout_basic, minmay_ruined_shrine,
          uniq_crazy_yiuf_cottage, uniq_prince_ribbit1
D:6:      layout_rooms, amethyst_overflow_temple_binary, minmay_misc_feat_rows,
          uniq_pikel
D:7:      minmay_polygon_palace, layout_basic, grunt_temple_overflow_cloverleaf,
          zin_treasury, gammafunk_ghost_grave, serial_shops, kennysheep_mini,
          minmay_hollow_rounded_squares
D:8:      layout_basic, minivault_22
D:9:      layout_small_grid, orc_0_dummy, serial_library,
          serial_library_hellmonk_open_cross, serial_library_hellmonk_room_a,
          serial_library_hellmonk_open_cross,
          serial_library_hellmonk_reading_circle,
          serial_library_hellmonk_narrow_alcove,
          serial_library_hellmonk_layered_room,
          serial_library_hellmonk_metal_room,
          serial_library_hellmonk_filled_rooms
D:10:     hangedman_cross_cluster, layout_small_grid, uniq_fannar
Temple:   hellmonk_temple_divided_pantheon

Skill      XL: |  1  2  3  4  5  6  7  8  9 10 11 |
---------------+----------------------------------+-----
Axes           | 3 4 5 6 7 9 11 13 | 13.9
Armour         | 4 5 6 7 8 9 10 | 10.5
Fighting       | 4 5 6 7 8 10 11 | 11.5
Shields        | 4 5 6 7 8 9 10 | 10.5

Action                     |  1- 3 |  4- 6 |  7- 9 | 10-12 || total
---------------------------+-------+-------+-------+-------++-------
  Melee: War axe           |    72 |    83 |   235 |   332 ||   722
         Headbutt          |     5 |     8 |    34 |    68 ||   115
  Throw: Throwing net      |       |     1 |     2 |       ||     3
         Boomerang         |       |       |       |    10 ||    10
 Invoke: Heroism           |       |       |       |     8 ||     8
    Use: Scroll            |       |     8 |     1 |    13 ||    22
         Potion            |       |     4 |     1 |     1 ||     6
   Stab: Sleeping          |       |       |     2 |     1 ||     3
         Distracted        |       |       |     1 |       ||     1
 Armour: Scale mail        |    49 |    27 |       |       ||    76
         Plate armour      |       |    44 |    76 |       ||   120
         Ring mail         |       |       |   132 |   385 ||   517
  Dodge: Dodged            |    29 |    32 |   116 |   125 ||   302
  Block: Buckler           |    14 |    24 |    66 |    91 ||   195
